 Dungeon Crawl Stone Soup version 0.21.1-1-g345015f (webtiles) character file.

37 Chaoticas the Grave Robber (level 3, -3/25 HPs)
             Began as a Gnoll Necromancer on Feb 24, 2018.
             Slain by a gnoll
             ... wielding a +0 spear
              (5 damage)
             ... on level 2 of the Dungeon.
             The game lasted 00:02:57 (1138 turns).

Chaoticas the Grave Robber (Gnoll Necromancer)      Turns: 1138, Time: 00:02:57

Health: -3/25      AC:  4    Str: 10    XL:     3   Next: 39%
Magic:  6/9        EV: 14    Int: 18    God:
Gold:   79         SH:  0    Dex: 15    Spells: 11/12 levels left

rFire    . . .     SeeInvis .   g - +1 short sword
rCold    . . .     Gourm    .   (no shield)
rNeg     . . .     Faith    .   a - +0 robe
rPois    .         Spirit   .   (no helmet)
rElec    .         Reflect  .   (no cloak)
rCorr    .         Harm     .   j - +0 pair of gloves
MR       .....                  l - +0 pair of boots
Stlth    +++.......             (no amulet)
HPRegen  0.08/turn              (no ring)
MPRegen  0.11/turn              (no ring)

@: no status effects
A: distributed training, fangs 1, strong nose
a: no special abilities


You were on level 2 of the Dungeon.
You were hungry.

You visited 1 branch of the dungeon, and saw 2 of its levels.

You collected 79 gold pieces.

Inventory:

Hand Weapons
 g - a +1 short sword (weapon)
   (You took it off a kobold on level 1 of the Dungeon)
Missiles
 e - 78 stones (quivered)
Armour
 a - a +0 robe (worn)
 j - a +0 pair of gloves (worn)
   (You found it on level 1 of the Dungeon)
 l - a +0 pair of boots (worn)
   (You found it on level 1 of the Dungeon)
Scrolls
 f - a scroll of magic mapping
 h - 2 scrolls of identify {@r1}
 i - a scroll of enchant weapon
 k - a scroll of remove curse {unknown}
Potions
 d - a potion of invisibility {unknown}
 n - a potion of resistance
Books
 b - a book of Necromancy
Comestibles
 c - 4 rations


   Skills:
 + Level 0.7 Fighting
 + Level 0.7 Short Blades
 + Level 0.7 Long Blades
 + Level 0.7 Axes
 + Level 0.7 Maces & Flails
 + Level 0.7 Polearms
 + Level 0.7 Staves
 + Level 0.7 Slings
 + Level 0.7 Bows
 + Level 0.7 Crossbows
 + Level 0.7 Throwing
 + Level 0.7 Armour
 + Level 4.5 Dodging
 + Level 4.1 Stealth
 + Level 0.7 Shields
 + Level 0.7 Unarmed Combat
 + Level 5.0 Spellcasting
 + Level 0.5 Conjurations
 + Level 0.5 Hexes
 + Level 0.5 Charms
 + Level 0.5 Summonings
 + Level 7.1 Necromancy
 + Level 0.5 Translocations
 + Level 0.5 Transmutations
 + Level 0.5 Fire Magic
 + Level 0.5 Ice Magic
 + Level 0.5 Air Magic
 + Level 0.5 Earth Magic
 + Level 0.5 Poison Magic
 + Level 0.9 Invocations
 + Level 0.7 Evocations


You had 11 spell levels left.
You knew the following spells:

 Your Spells              Type           Power        Failure   Level  Hunger
a - Pain                  Necr           ####         1%          1    None


Dungeon Overview and Level Annotations

Branches:
Dungeon (2/15)

Altars:
Sif Muna
Uskayaw


Innate Abilities, Weirdness & Mutations

Your experience applies equally to all skills.
You have very sharp teeth.
Your uncanny sense of smell can sniff out nearby items.


Message History

h - 3 scrolls labeled UZXAL WEGGYO (gained 1)
There are no items here.
You enter a teleport trap!
The teleport trap disappears.
Your surroundings suddenly seem different.
A goblin comes into view. It is wielding a dagger.
The goblin shouts!
You hear a shout!
Found a hide-covered altar of Uskayaw and a deep blue altar of Sif Muna.
A goblin and 2 gnolls come into view.
The goblin shouts!
A gnoll comes into view. It is wielding a spear.
The gnoll hits something but does no damage.
You are feeling hungry.
You hear a shout!
You hear a shout!
You hit the gnoll. The gnoll hits you but does no damage.
You hit the gnoll but do no damage. The gnoll barely misses you.
Aim: a gnoll, wielding a club (lightly wounded, chance to defeat MR: 89%)
The gnoll writhes in agony!
The gnoll hits you with a club.
Aim: a gnoll, wielding a club (heavily wounded, chance to defeat MR: 89%)
The gnoll writhes in agony!
You kill the gnoll!
Your Spellcasting skill increases to level 5!
Aim: a goblin, wielding a dagger (chance to defeat MR: 93%)
The goblin writhes in agony!
You kill the goblin!
A gnoll comes into view. It is wielding a spear.
You completely miss the goblin.
The gnoll hits you from afar with a spear!
* * * LOW HITPOINT WARNING * * *
The goblin barely misses you.
Aim: a goblin, wielding a dagger (chance to defeat MR: 93%)
The goblin writhes in agony!
The goblin hits you but does no damage.
The gnoll hits you from afar with a spear.
* * * LOW HITPOINT WARNING * * *
As you read the scroll labeled UZXAL WEGGYO, it crumbles to dust.
It is a scroll of identify.
n - a potion of resistance The goblin misses you.
The gnoll hits you from afar with a spear.
* * * LOW HITPOINT WARNING * * *
As you read the scroll labeled MAARPHE VEOFOO, it crumbles to dust.
It is a scroll of enchant weapon.
Your +0 short sword glows red for a moment.
The goblin closely misses you. The gnoll completely misses you.
As you read the scroll labeled KUMOFY ODEPHO, it crumbles to dust.
You feel aware of your surroundings.
You sensed 1 altar.
It was a scroll of magic mapping.
The gnoll hits you from afar with a spear.
You die...

*,* ***,*,,,,,,,,,,* *, *,*
*,*∆,,,,..,,,* *, *,##*
*,******.#**** **
*,,.##*>****##.*** *******
***..#*,,,,,...,,*******,,,,,,
**#####.#******#.#*,#*,,,,,,****,
,,,...#.# #.#*.##.#***** *,
****#.#.########.#.....#********,
,,**#....)).gggg@.......,,,,,,,,,
*,,*#....#######.#######*,,*****,
∆*,,#....#****,..# **,* *,
,∆#.............## *,** *,
**###.#.#####.##* *,,*****
*_,_._##.** #.* **,,,* *
,,.P..∆*g.**#,* ***,***
,..⌠..,,g..**,***************,*,,
*...PP**....,,,,,,,,,,,,,,,,*,,,*


You could see 3 gnolls and a goblin.

Vanquished Creatures
  A gnoll (D:2)
  3 giant cockroaches (D:1)
  5 goblins
  4 hobgoblins (D:1)
  4 kobolds (D:1)
  4 bats (D:1)
  2 frilled lizards (D:1)
23 creatures vanquished.

Notes
Turn   | Place    | Note
-------+----------+-------------------------------------------
     0 | D:1      | Chaoticas the Gnoll Necromancer began the quest for the Orb.
     0 | D:1      | Reached XP level 1. HP: 13/13 MP: 6/6
    52 | D:1      | Reached XP level 2. HP: 11/19 MP: 0/7
   790 | D:1      | Reached XP level 3. HP: 25/25 MP: 9/9
  1116 | D:2      | Found a hide-covered altar of Uskayaw.
  1116 | D:2      | Found a deep blue altar of Sif Muna.
  1126 | D:2      | Reached skill level 5 in Spellcasting
  1138 | D:2      | Slain by a gnoll

Skill      XL: |  1  2  3 |
---------------+----------+-----
Spellcasting   | 5 |  5.0
Fighting       | |  0.7
Short Blades   | |  0.7
Long Blades    | |  0.7
Axes           | |  0.7
Maces & Flails | |  0.7
Polearms       | |  0.7
Staves         | |  0.7
Slings         | |  0.7
Bows           | |  0.7
Crossbows      | |  0.7
Throwing       | |  0.7
Armour         | |  0.7
Dodging        | |  4.5
Stealth        | |  4.1
Shields        | |  0.7
Unarmed Combat | |  0.7
Conjurations   | |  0.5
Hexes          | |  0.5
Charms         | |  0.5
Summonings     | |  0.5
Necromancy     | |  7.1
Translocations | |  0.5
Transmutations | |  0.5
Fire Magic     | |  0.5
Ice Magic      | |  0.5
Air Magic      | |  0.5
Earth Magic    | |  0.5
Poison Magic   | |  0.5
Invocations    | |  0.9
Evocations     | |  0.7

Action                   || total
-------------------------++-------
Melee: Short sword       ||    15
 Cast: Pain              ||    25
  Use: Scroll            ||     3
 Stab: Sleeping          ||     2
Armor: Robe              ||     6
Dodge: Dodged            ||    23
